 Dungeon Crawl Stone Soup version 0.27.0-1-g7a089689b8 (webtiles) character file.

Game seed: 13844492149409644179

123249 Froggeryz the Spry (level 16, -2/109 HPs)
             Began as an Octopode Berserker on Aug 15, 2021.
             Was the Champion of Trog.
             Slain by a spark wasp (12 damage)
             ... on level 1 of the Spider Nest.
             The game lasted 00:41:05 (34322 turns).

Froggeryz the Spry (Octopode Berserker)            Turns: 34322, Time: 00:41:06

Health: -2/109     AC:  7    Str: 23    XL:     16   Next: 89%
Magic:  16/16      EV: 38    Int: 10    God:    Trog [******]
Gold:   2011       SH:  8    Dex: 26    Spells: 15/15 levels left

rFire    + . .     SeeInvis +   b - +9 quick blade (drain)
rCold    + . .     Faith    .   B - +0 buckler {rN+}
rNeg     + + .     Spirit   .   J - +2 hat
rPois    .         Reflect  .   d - amulet of magic regeneration
rElec    .         Harm     .   y - +4 ring of evasion
rCorr    +         Rampage  .   V - +4 ring of evasion
Will     +....                  M - ring of protection from cold
Stlth    +++++++...             P - +6 ring of strength
HPRegen  0.28/turn              E - ring of see invisible
MPRegen  0.40/turn              R - ring "Wiulups" {rF+ rN+ rCorr Dex+3}
                                k - +6 ring of dexterity
                                T - +4 ring of protection

@: no status effects
A: almost no armour, amphibious, 8 rings, camouflage 1, gelatinous body 1,
(nimble swimmer 1), tentacles
a: Renounce Religion, Berserk, Trog's Hand, Brothers in Arms


You were on level 1 of the Spider Nest.
You worshipped Trog.
Trog was exalted by your worship.
You visited 5 branches of the dungeon, and saw 26 of its levels.
You also visited: Ossuary, Bailey and Ice Cave.

You collected 2851 gold pieces.
You spent 840 gold pieces at shops.

Inventory:

Hand Weapons
 b - a +9 quick blade of draining (weapon)
 C - the +9 rapier "Enagy" {flame, *Noise rC++ Dex+2}
   (You found it on level 9 of the Dungeon)

   It burns those it strikes, dealing additional fire damage.
   Dex:       It affects your dexterity (+2).
   rC:        It greatly protects you from cold.
   *Noise:    It may make noises in combat.
 U - the +12 short sword of Venix {vorpal, rElec rPois}
   (Trog gifted it to you on level 15 of the Dungeon)

   It inflicts extra damage upon your enemies.
   rElec:     It insulates you from electricity.
   rPois:     It protects you from poison.
Missiles
 l - 25 curare-tipped darts
 s - 118 poisoned darts (quivered)
 N - 6 atropa-tipped darts
Armour
 B - a +0 buckler of positive energy (worn)
 J - a +2 hat (worn)
Jewellery
 d - an amulet of magic regeneration (around mantle)
 k - a +6 ring of dexterity (on tentacle)
 y - a +4 ring of evasion (left tentacle)
 E - a ring of see invisible (on tentacle)
 M - a ring of protection from cold (on tentacle)
 P - a +6 ring of strength (on tentacle)
 R - the ring "Wiulups" (on tentacle) {rF+ rN+ rCorr Dex+3}
   (You acquired it on level 6 of the Lair of Beasts)

   [ring of protection from fire]

   Dex:       It affects your dexterity (+3).
   rF:        It protects you from fire.
   rN:        It protects you from negative energy.
   rCorr:     It protects you from acid and corrosion.
 T - a +4 ring of protection (on tentacle)
 V - a +4 ring of evasion (right tentacle)
Wands
 v - a wand of flame (67)
 A - a wand of digging (8)
 G - a wand of iceblast (23)
 H - a wand of charming (8)
 O - a wand of paralysis (18)
 S - a wand of acid (28)
Scrolls
 a - 2 scrolls of fear
 f - 12 scrolls of teleportation
 g - 5 scrolls of enchant weapon
 h - 8 scrolls of blinking
 i - 3 scrolls of summoning
 j - 7 scrolls of enchant armour
 m - 10 scrolls of immolation
 o - 10 scrolls of identify
 p - a scroll of brand weapon
 u - 6 scrolls of fog
 x - 2 scrolls of holy word
 z - 2 scrolls of silence
 Q - 2 scrolls of magic mapping
Potions
 c - 12 potions of curing
 e - 5 potions of flight {unknown}
 n - 5 potions of haste
 q - 6 potions of heal wounds
 r - 2 potions of invisibility
 t - a potion of mutation
 w - a potion of berserk rage {unknown}
 D - 4 potions of might
 F - a potion of cancellation
 I - a potion of resistance
 W - 3 potions of ambrosia
Miscellaneous
 K - a phantom mirror
 L - a condenser vane


   Skills:
 - Level 10.0 Fighting
 - Level 15.0 Short Blades
 - Level 7.5 Throwing
 * Level 17.1 Dodging
 - Level 13.3 Stealth
 + Level 8.7 Shields
 - Level 8.1 Evocations


You had 15 spell levels left.
You didn't know any spells.
Your spell library contained the following spells:

 Spells                   Type           Power      Damage    Failure   Level
 Stone Arrow              Conj/Erth      0%         3d7       75%         3
 Bolt of Magma            Conj/Fire/Erth 0%         4d4       100%        5
 Shatter                  Erth           0%         3d5*      100%        9


Dungeon Overview and Level Annotations

Branches:
Dungeon (15/15)            Temple (0/1) D:4            Lair (6/6) D:10
  Swamp (2/4) Lair:3       Spider (1/4) Lair:4        Slime (0/5) Lair:6
    Orc (2/2) D:10            Elf (0/3) Orc:2        Vaults (0/5) D:14
 Depths (0/5) D:15        Ossuary (visited)          Bailey (visited)
  IceCv (visited)

Altars:
Ashenzari
Dithmenos
Fedhas
Hepliaklqana
Kikubaaqudgha
Nemelex Xobeh
Okawaru
Qazlal
Ru
Trog
Vehumet
Wu Jian
Yredelemnul
The Shining One
Beogh
Jiyva

Shops:
D:1 *   D:6 [   D:9 (   D:13 ?   Orc:1 *   Orc:2 !=!*

Annotations:
D:4 2 transporters, puimuR's ghost, amateur HOBe
Lair:1 exclusion: oklob plant


Innate Abilities, Weirdness & Mutations

You cannot wear most types of armour.
You are amphibious.
You can wear up to eight rings at the same time.
Your skin changes colour to match your surroundings (Stealth+).
Your rubbery body absorbs attacks. (AC +1, EV +1)
((You are camouflaged near water. (Stealth+)))
You have tentacles for arms and can constrict up to eight enemies at once.


Message History

The redback is severely wounded.
You constrict the redback. The redback completely misses you.
You puncture the redback!
You kill the redback!
Trog accepts your kill.
You puncture the spark wasp! Your grab misses the spark wasp.
The spark wasp is moderately wounded.
The spark wasp stings you!! The spark wasp shocks you!
You puncture the spark wasp! You drain the spark wasp.
Your grab misses the spark wasp.
The spark wasp is heavily wounded.
You hit the spark wasp. Your grab misses the spark wasp.
The spark wasp is heavily wounded.
The jumping spider leaps!
The spark wasp stings you! The spark wasp shocks you!
You are too injured to fight recklessly!
You are too injured to fight recklessly!
You are too injured to fight recklessly!
You are too injured to fight recklessly!
You are too injured to fight recklessly!
You are too injured to fight recklessly!
You are too injured to fight recklessly!
You are too injured to fight recklessly!
You are too injured to fight recklessly!
You are too injured to fight recklessly!
You are too injured to fight recklessly!
You are too injured to fight recklessly!
You are too injured to fight recklessly!
You are too injured to fight recklessly!
You are too injured to fight recklessly!
You are too injured to fight recklessly!
You closely miss the spark wasp. You grab the spark wasp.
The spark wasp is heavily wounded.
You constrict the spark wasp.
You hit the spark wasp but do no damage.
Your squeeze misses the spark wasp.
The spark wasp is heavily wounded.
You constrict the spark wasp. The spark wasp stings you!!
* * * LOW HITPOINT WARNING * * *
The spark wasp shocks you!
You die...

##.......#
#.......##
#.....###
##......## .
#####......##
..#...##......#
...°...##.....#
...$s.y.#....##
#..@....##
#......##
#.....##
##^.### ####


You could see a spark wasp (drained) and a demonic crawler.

Vanquished Creatures
  Gastronok (Lair:1)
  A storm dragon (D:15)
  The ghost of Acheron the Grappler, a journeyman TrAE of the Shining One (D:13)
  A reaper (IceCv)
  2 dire elephants
  A bunyip (Swamp:2)
  An eleionoma (Swamp:1)
  Snorg (Orc:2)
  An ettin (Orc:2)
  2 fire dragons
  A rakshasa (D:14)
  A vault guard (D:14)
  2 boulder beetles
  19 hydras
  5 catoblepae
  6 two-headed ogres
  7 centaur warriors
  An alligator (Swamp:2)
  A tengu warrior (D:15)
  5 death yaks (Lair:3)
  Erica (D:8)
  A deep troll earth mage (D:14)
  4 orc high priests (Orc:2)
  5 skeletal warriors (D:14)
  2 goliath frogs
  A death drake (shapeshifter) (D:15)
  2 spriggan druids
  4 bog bodies
  A swamp dragon (Swamp:2)
  A phantasmal warrior (D:13)
  Pikel (D:9)
  A lindwurm (Lair:6)
  3 deep elf pyromancers
  5 orc knights
  3 ugly things (D:13)
  An orc sorcerer (Orc:2)
  3 cyclopes
  A wolf spider (D:15)
  4 manticores
  9 elephants
  Maurice (D:9)
  2 ice statues (IceCv)
  A guardian serpent (shapeshifter) (D:13)
  6 black mambas
  2 torpor snails (Lair:6)
  A gargoyle (D:12)
  12 cane toads
  4 rime drakes
  An efreet (D:14)
  3 freezing wraiths
  11 komodo dragons
  A yaktaur (D:14)
  Psyche (D:8)
  An anaconda simulacrum (IceCv)
  A rime drake (shapeshifter) (D:14)
  A tengu conjurer (D:15)
  8 ice devils
  A merfolk (D:15)
  A meliai (shapeshifter) (D:14)
  A jumping spider (Spider:1)
  2 bloated husks (Swamp:1)
  A meliai (D:14)
  5 hornets
  4 trolls
  9 polar bears (Lair:6)
  Prince Ribbit (Lair:2)
  12 blink frogs
  3 raiju (Lair:6)
  8 slime creatures
  8 dream sheep
  7 tyrant leeches
  A dire elephant simulacrum (IceCv)
  2 redbacks
  3 wraiths (D:13)
  4 basilisks
  6 spriggans
  8 wyverns
  A shadow (D:13)
  24 yaks
  10 vampire mosquitoes
  A human (shapeshifter) (D:15)
  Grum (D:8)
  A steam dragon (D:10)
  A death yak simulacrum (IceCv)
  8 wargs
  8 swamp worms
  3 acid dragons
  12 hell hounds (Lair:6)
  13 water moccasins
  A swamp drake (Lair:3)
  28 orc warriors
  A necrophage (D:4)
  13 black bears
  3 sky beasts (D:6)
  7 ogres
  25 wolves
  A lemure (D:9)
  9 centaurs
  2 kobold brigands (D:8)
  An elf zombie (Ossuary)
  Blork the orc (D:4)
  A gnoll sergeant (D:13)
  12 bullfrogs
  A wyvern zombie (D:7)
  2 scorpions
  2 two-headed ogre simulacra (IceCv)
  3 water moccasin skeletons
  An elephant simulacrum (IceCv)
  10 killer bees
  12 wights
  5 howler monkeys
  3 centaur zombies
  7 electric eels
  A bullfrog zombie (D:5)
  2 human zombies (Ossuary)
  2 jellies
  A bullfrog skeleton (D:6)
  A centaur skeleton (D:7)
  A hound (D:7)
  22 orc priests
  2 gnoll shamans
  3 iguanas
  31 orc wizards
  A polar bear simulacrum (IceCv)
  A spriggan simulacrum (IceCv)
  3 wolf simulacra (IceCv)
  2 troll simulacra (IceCv)
  A hound zombie (Ossuary)
  5 mummies
  2 howler monkey zombies
  A howler monkey skeleton (D:6)
  5 adders
  29 gnolls
  3 naga simulacra (IceCv)
  5 white imps
  3 ufetubi
  2 worms
  4 dart slugs
  101 orcs
  5 endoplasms
  2 giant cockroaches
  A gnoll zombie (Ossuary)
  14 goblins
  8 hobgoblins
  2 jackals (D:2)
  29 kobolds
  A quokka (D:3)
  6 ball pythons
  3 bats
  8 frilled lizards
  A goblin zombie (Ossuary)
  2 hobgoblin zombies (Ossuary)
  A jackal zombie (Ossuary)
  2 kobold zombies (Ossuary)
  5 rats
  A rat zombie (Ossuary)
  A butterfly (Lair:5)
817 creatures vanquished.

Vanquished Creatures (others)
  A wizard (D:8)
  A bloated husk (Swamp:2)
  30 fungi
  116 plants
148 creatures vanquished.

Grand Total: 965 creatures vanquished

Notes
Turn   | Place    | Note
-------+----------+-------------------------------------------
     0 | D:1      | Froggeryz the Octopode Berserker began the quest for the
                  | Orb.
     0 | D:1      | Reached XP level 1. HP: 16/16 MP: 1/1
   359 | D:1      | Reached skill level 1 in Stealth
   392 | D:1      | Reached XP level 2. HP: 19/21 MP: 2/2
   879 | D:1      | Found Ruram's Assorted Antiques.
   888 | D:1      | Bought a scroll labelled TOEPSUA MIKK for 28 gold pieces
   974 | D:1      | Identified a scroll of acquirement
   974 | D:1      | Acquired a +4 quick blade
  1183 | D:2      | Reached XP level 3. HP: 26/26 MP: 3/3
  1344 | D:2      | You fall into a shaft and drop 1 floor!
  1713 | D:3      | Found a sacrificial altar of Ru.
  1752 | D:3      | Reached ** piety under Trog
  1755 | D:3      | Reached XP level 4. HP: 24/31 MP: 4/4
  2073 | D:3      | You fall into a shaft and drop 1 floor!
  2102 | D:4      | Found a transporter.
  2106 | D:4      | Identified the +1 spear of Crusades {venom, rElec Str+3}
  2123 | D:4      | Noticed a necrophage
  2130 | D:4      | Killed a necrophage
  2131 | D:4      | Reached skill level 5 in Short Blades
  2131 | D:4      | Reached XP level 5. HP: 20/36 MP: 5/5
  2286 | D:4      | Noticed a black bear
  2289 | D:4      | Found an iron altar of Okawaru.
  2292 | D:4      | Killed a black bear
  2293 | D:4      | Reached XP level 6. HP: 42/42 MP: 6/6
  2357 | D:4      | Found a staircase to the Ecumenical Temple.
  3132 | D:1      | Bought a scroll labelled UMOLUQ TEDIEP for 28 gold pieces
  3132 | D:1      | Bought a scroll labelled YSHOETHUE YNNI for 28 gold pieces
  3132 | D:1      | Bought a scroll labelled XEIROE TOROGEI for 28 gold pieces
  3132 | D:1      | Bought a fizzy emerald potion for 25 gold pieces
  3236 | D:4      | Noticed puimuR's ghost (amateur HOBe)
  3247 | D:4      | Reached skill level 5 in Stealth
  3465 | D:4      | Found a transporter.
  3565 | D:4      | Reached XP level 7. HP: 46/46 MP: 7/7
  3604 | D:4      | Noticed Blork the orc
  3611 | D:4      | Killed Blork the orc
  4053 | D:5      | Entered Level 5 of the Dungeon
  4149 | D:5      | Found a basalt altar of Yredelemnul.
  4286 | D:5      | Found a sand-covered staircase.
  4313 | Ossuary  | Entered an ossuary
  4343 | Ossuary  | Reached *** piety under Trog
  4348 | Ossuary  | Reached XP level 8. HP: 49/52 MP: 8/8
  5553 | D:6      | Found an ornate altar of the Wu Jian Council.
  5796 | D:6      | Noticed a wyvern
  5860 | D:6      | Killed a wyvern
  5948 | D:6      | Reached XP level 9. HP: 42/56 MP: 9/9
  6196 | D:6      | Found a broken altar of Ashenzari.
  6264 | D:6      | Found a radiant altar of Vehumet.
  6483 | D:6      | Reached skill level 4 in Dodging
  7017 | D:6      | Found a blossoming altar of Fedhas.
  7142 | D:6      | Found Jupigein's Armour Shop.
  7506 | D:7      | Reached skill level 10 in Stealth
  7863 | D:7      | Reached **** piety under Trog
  7867 | D:7      | Reached skill level 5 in Dodging
  8358 | D:7      | Found a stormy altar of Qazlal.
  8995 | D:7      | Reached skill level 6 in Dodging
  9527 | D:8      | Noticed Psyche
  9534 | D:8      | Killed Psyche
  9535 | D:8      | Reached XP level 10. HP: 63/63 MP: 10/10
  9571 | D:8      | Found a glowing golden altar of the Shining One.
  9589 | D:8      | Noticed a boulder beetle
  9823 | D:8      | Killed a boulder beetle
  9824 | D:8      | Reached skill level 7 in Dodging
 10418 | D:8      | Noticed a two-headed ogre
 10430 | D:8      | Killed a two-headed ogre
 10431 | D:8      | Reached skill level 8 in Dodging
 10640 | D:8      | Reached ***** piety under Trog
 10985 | D:8      | Noticed Grum
 11010 | D:8      | Killed Grum
 11150 | D:8      | Found a bloodstained altar of Trog.
 11154 | D:8      | Noticed Erica
 11158 | D:8      | Killed Erica
 11159 | D:8      | Reached skill level 9 in Dodging
 11165 | D:8      | Noticed a wizard
 11168 | D:8      | Killed a wizard
 11189 | D:8      | Noticed a two-headed ogre
 11194 | D:8      | Killed a two-headed ogre
 11195 | D:8      | Reached skill level 5 in Fighting
 11195 | D:8      | Reached XP level 11. HP: 72/72 MP: 11/11
 11443 | D:9      | Found a shadowy altar of Dithmenos.
 11519 | D:9      | Found Herittim's Antique Weapon Boutique.
 11557 | D:9      | Noticed Pikel
 11579 | D:9      | Killed Pikel
 11595 | D:9      | Identified the +9 rapier "Enagy" {flame, *Noise rC++ Dex+2}
 11608 | D:9      | Noticed a two-headed ogre
 11621 | D:9      | Found an ancient bone altar of Kikubaaqudgha.
 11642 | D:9      | Killed a two-headed ogre
 11719 | D:9      | Reached skill level 10 in Dodging
 11745 | D:9      | Found a sparkling altar of Nemelex Xobeh.
 11763 | D:9      | Noticed Maurice
 11771 | D:9      | Found a flagged portal.
 11777 | D:9      | Killed Maurice
 11793 | Bailey   | Entered a bailey
 12272 | Bailey   | Acquired a +0 buckler of positive energy
 12495 | Bailey   | Noticed an orc knight
 12504 | Bailey   | Reached skill level 1 in Shields
 12505 | Bailey   | Killed an orc knight
 12511 | Bailey   | Noticed an orc knight
 12561 | Bailey   | Killed an orc knight
 12933 | D:10     | Entered Level 10 of the Dungeon
 13463 | D:10     | Found a staircase to the Lair.
 13517 | D:10     | Found a staircase to the Orcish Mines.
 13652 | D:10     | Reached skill level 1 in Evocations
 13687 | Lair:1   | Entered Level 1 of the Lair of Beasts
 13725 | Lair:1   | Noticed Gastronok
 13995 | D:10     | Reached XP level 12. HP: 54/84 MP: 12/12
 14151 | Lair:1   | Killed Gastronok
 14226 | Lair:1   | Noticed an eight-headed hydra
 14236 | Lair:1   | Killed an eight-headed hydra
 14314 | Lair:1   | Reached skill level 10 in Fighting
 14335 | Lair:1   | Reached skill level 1 in Throwing
 14335 | Lair:1   | Reached skill level 5 in Evocations
 14441 | Lair:1   | Found the +8 storm bow {elec, penet}
 14513 | Lair:1   | Noticed a seven-headed hydra
 14522 | Lair:1   | Killed a seven-headed hydra
 14557 | Lair:1   | Received a gift from Trog
 14966 | Lair:1   | Noticed a six-headed hydra
 14984 | Lair:1   | Killed a six-headed hydra
 15444 | Lair:2   | Noticed a seven-headed hydra
 15445 | Lair:2   | Noticed Prince Ribbit
 15463 | Lair:2   | Killed a seven-headed hydra
 15470 | Lair:2   | Killed Prince Ribbit
 15695 | Lair:2   | Reached skill level 5 in Throwing
 15710 | Lair:2   | Reached XP level 13. HP: 48/92 MP: 13/13
 15766 | Lair:2   | Found a frozen archway.
 15802 | IceCv    | Entered an ice cave
 16397 | IceCv    | Reached skill level 10 in Short Blades
 16734 | IceCv    | Noticed a reaper
 16760 | IceCv    | Killed a reaper
 19301 | Lair:3   | Found a staircase to the Swamp.
 19743 | Lair:4   | Found a hole to the Spider Nest.
 19756 | Lair:4   | Reached skill level 11 in Dodging
 20684 | Lair:5   | Reached XP level 14. HP: 99/99 MP: 14/14
 21876 | Lair:6   | Entered Level 6 of the Lair of Beasts
 21940 | Lair:6   | Found the +4 dagger "Morg" {pain, Will+ Int+5}
 22053 | Lair:6   | Found a staircase to the Slime Pits.
 22053 | Lair:6   | Found a viscous altar of Jiyva.
 22180 | Lair:6   | Reached skill level 12 in Dodging
 22529 | Lair:6   | Reached ****** piety under Trog
 22541 | Lair:6   | Received a gift from Trog
 23242 | Lair:6   | Noticed a dire elephant
 23271 | Lair:6   | Killed a dire elephant
 23597 | Lair:6   | Reached skill level 13 in Dodging
 23810 | Lair:6   | Acquired the ring "Wiulups" {rF+ rN+ rCorr Dex+3}
 23905 | Lair:6   | Reached XP level 15. HP: 84/103 MP: 15/15
 24346 | Orc:1    | Entered Level 1 of the Orcish Mines
 24386 | Orc:1    | Received a gift from Trog
 24611 | Orc:2    | Entered Level 2 of the Orcish Mines
 25086 | Orc:2    | Found a staircase to the Elven Halls.
 25091 | Orc:2    | Noticed Snorg
 25102 | Orc:2    | Killed Snorg
 25519 | Orc:1    | Found Quumunoz's Assorted Antiques.
 25611 | Orc:1    | Bought a shimmering pewter ring for 145 gold pieces
 25611 | Orc:1    | Identified the ring "Jyott" {rElec Will- rCorr SInv} (You
                  | bought it in a shop on level 1 of the Orcish Mines)
 25700 | Orc:2    | Found Viaq's Assorted Antiques.
 25700 | Orc:2    | Found Cusem's Distillery.
 25700 | Orc:2    | Found Zuaduona's Jewellery Boutique.
 26046 | Orc:2    | Found Deteatub's Distillery.
 26055 | Orc:2    | Received a gift from Trog
 26120 | Orc:2    | Bought a granite ring for 130 gold pieces
 26123 | Orc:2    | Bought an ivory ring for 130 gold pieces
 26126 | Orc:2    | Bought a small garnet ring for 130 gold pieces
 26972 | D:11     | Reached skill level 14 in Dodging
 28181 | D:13     | Received a gift from Trog
 28236 | D:13     | Reached skill level 15 in Short Blades
 28357 | D:13     | Found a blossoming altar of Fedhas.
 28524 | D:13     | Found Araemp's Magic Scroll Shoppe.
 28529 | D:13     | Bought a scroll of teleportation for 48 gold pieces
 28529 | D:13     | Bought 2 scrolls of fog for 64 gold pieces
 28529 | D:13     | Bought a scroll of magic mapping for 56 gold pieces
 28634 | D:13     | Found a runed translucent gate.
 28634 | D:13     | Found a runed translucent gate.
 28634 | D:13     | Found a runed translucent gate.
 28815 | D:13     | Noticed Acheron's ghost (journeyman TrAE)
 28859 | D:13     | Killed Acheron's ghost
 29141 | D:14     | Found a gate to the Vaults.
 29240 | D:14     | Reached skill level 5 in Shields
 29260 | D:14     | Reached skill level 15 in Dodging
 29290 | D:14     | Identified the +8 war axe of a sewer {freeze, rCorr}
 29291 | D:14     | Identified the +8 dire flail of Termination {speed, rN+
                  | Dex+6}
 29530 | D:14     | Reached XP level 16. HP: 35/109 MP: 16/16
 30525 | D:15     | Entered Level 15 of the Dungeon
 30539 | D:15     | Identified the +12 short sword of Venix {vorpal, rElec
                  | rPois} (Trog gifted it to you on level 15 of the Dungeon)
 30539 | D:15     | Received a gift from Trog
 31245 | D:15     | Reached skill level 16 in Dodging
 31435 | D:15     | Noticed a storm dragon
 31464 | D:15     | Killed a storm dragon
 31950 | D:15     | Found a staircase to the Depths.
 32038 | D:15     | Found a hazy altar of Hepliaklqana.
 32288 | Swamp:1  | Entered Level 1 of the Swamp
 32635 | Swamp:1  | You fall into a shaft and drop 1 floor!
 33265 | Swamp:1  | Received a gift from Trog
 33725 | Swamp:2  | Reached skill level 17 in Dodging
 34277 | Spider:1 | Entered Level 1 of the Spider Nest
 34322 | Spider:1 | Slain by a spark wasp

Illustrated notes

Levels and vault maps discovered:
D:1:      heliophobic_arrival_battle_scene, layout_loops_ring, serial_shops,
          nicolae_shop_trees
D:2:      layout_basic
D:3:      layout_basic, nicolae_ru_the_path_less_chosen, roderic_roman_lattice
D:4:      layout_loops_ring, okawaru_ov_weapons_minmay,
          minmay_temple_entry_sparse_star, gammafunk_ghost_gnarly_gnolls,
          uniq_blork_the_orc
D:5:      layout_loops_corners, mainiacjoe_overflow_24_doors,
          gup_ossuary_entry_pyramid
D:6:      layout_layer_cave, mainiacjoe_overflow_small_starburst,
          ashenzari_conservatory_becter, nzn_wu_jian_contemplation,
          mainiacjoe_overflow_surrounded_room, serial_shops,
          kennysheep_mini_moat
D:7:      layout_basic, nicolae_qazlal_general_emergency
D:8:      corexii_shantytown, layout_basic, trog_wizard,
          mainiacjoe_overflow_concentric_impassable, uniq_erica, uniq_grum,
          uniq_psyche
D:9:      layout_rooms, nicolae_overflow_hidden_temple, kiku_gazebo_pond_becter,
          marbit_many_paths, serial_shops, shop, enter_bailey_5, uniq_pikel,
          uniq_maurice
D:10:     layout_rooms, david_lair_shrubbed, orc_0_dummy, bh_walls_and_bars
D:11:     layout_roguey, hive_lemuel
D:12:     layout_cave_pools, minmay_misc_feat_five, kennysheep_donut,
          kennysheep_decorative_pillar
D:13:     layout_loops_ring, gammafunk_ghost_spectres, serial_shops,
          nicolae_shop_competitors_out_of_business, kennysheep_minor_cross,
          fedhas_ov_isle_minmay
D:14:     layout_loops_corners, david_vaults_5, minivault_27,
          onia_ninara_dug_in_and_dangerous
D:15:     hangedman_depths_entry_try_elsewhere_first, layout_cave_pools,
          roderic_serpentine_path, serial_glass, glass_columns_a,
          glass_columns_a, dk_noncrumbling_4, minivault_25_ag,
          nzn_hepliaklqana_mist_gate
Lair:1:   layout_gridlike, columned_hall_lemuel, minmay_lair_oklob_chamber,
          wad_woods_river_01, grunt_megastairs_3, uniq_gastronok
Lair:2:   layout_small_grid, portal_ice_cave_demonic_guard, serial_bayou,
          serial_bayou_ford_a, serial_bayou_lagoon_a, serial_bayou_pond_d,
          serial_bayou_lagoon_b, uniq_prince_ribbit2
Lair:3:   layout_cave_pods, minmay_swamp_entry_reptiles
Lair:4:   layout_layer_cave, spider_nest_entry_a, serial_bayou_shore_b
Lair:5:   layout_regular_city, serial_bayou, serial_bayou_shore_a,
          serial_bayou_shore_b, serial_bayou_pond_d, serial_bayou_pond_a,
          serial_bayou_pond_b, lemuel_fruit_fields, lemuel_fruit_fields
Lair:6:   hangedman_lair_caniforms_friends, layout_hall_layers,
          hangedman_lair_in_review, slime_altar_1,
          grunt_forest_large_clearing_hut
Swamp:1:  layout_basic_swamp, serial_swamp_ruin, evilmike_swamp_ruin_rubble_2,
          evilmike_swamp_ruin_house_4, swamp_pool4, water_boxes_lemuel
Swamp:2:  layout_basic_swamp, hangedman_swamp_pad
Spider:1: layout_spider_delve, hangedman_spider_tarantella_strand
Orc:1:    layout_caves, serial_shops, nicolae_shop_statue_plus
Orc:2:    st_orc_mages, layout_caves, basic_altar, nicolae_orc_flooded_monolith,
          statue_in_the_mist_lemuel, minmay_orc_keep, uniq_snorg

Skill      XL: |  1  2  3  4  5  6  7  8  9 10 11 12 13 14 15 16 |
---------------+-------------------------------------------------+-----
Stealth        | 1 2 4 5 7 9 12 13 | 13.3
Short Blades   | 4 5 6 7 9 12 14 15 | 15.0
Dodging        | 6 9 10 11 13 15 17 | 17.1
Fighting       | 5 8 10 | 10.0
Shields        | 4 5 8 |  8.7
Evocations     | 2 7 8 |  8.1
Throwing       | 5 7 |  7.5

Action                   |  1- 3 |  4- 6 |  7- 9 | 10-12 | 13-15 | 16-18 || total
-------------------------+-------+-------+-------+-------+-------+-------++-------
Melee: Short sword       |    30 |       |       |       |       |       ||    30
       Constrict         |    13 |    12 |    64 |    71 |   168 |    29 ||   357
       Tentacles         |    10 |    11 |   102 |   138 |   464 |   138 ||   863
       Quick blade       |    44 |    65 |   344 |   504 |  1121 |   333 ||  2411
       Rapier            |       |       |       |       |    75 |       ||    75
Throw: Dart              |       |       |       |     3 |    11 |       ||    14
Invok: Berserk           |       |     2 |     7 |    14 |    14 |       ||    37
       Trog's Hand       |       |       |     1 |     3 |     5 |       ||     9
Evoke: Wand              |       |       |       |    20 |     2 |       ||    22
  Use: Scroll            |     2 |     6 |     5 |    16 |    11 |       ||    40
       Potion            |       |       |       |     2 |     1 |       ||     3
 Stab: Sleeping          |     9 |     6 |    18 |    29 |    36 |    43 ||   141
       Distracted        |       |     1 |     2 |     3 |    12 |     2 ||    20
Armor: Skin              |     2 |     1 |     4 |     8 |    32 |     3 ||    50
Dodge: Dodged            |    33 |    23 |    91 |   225 |   502 |   142 ||  1016
Block: Buckler           |       |       |       |    22 |   127 |    36 ||   185
